 Dungeon Crawl Stone Soup version 0.22.1-1-ga44c0e56f4 (webtiles) character file.

2248 Gargoyl the Skirmisher (level 9, -3/75 HPs)
             Began as a Centaur Abyssal Knight on Oct 19, 2018.
             Was a Priest of Lugonu.
             Slain by a two-headed ogre
             ... wielding a +0 giant spiked club
              (10 damage)
             ... on level 7 of the Dungeon.
             The game lasted 00:15:26 (5703 turns).

Gargoyl the Skirmisher (Centaur Abyssal Knight)     Turns: 5703, Time: 00:15:27

Health: -3/75      AC: 22    Str: 23    XL:     9   Next: 15%
Magic:  13/13      EV:  0    Int: 11    God:    Lugonu [***...]
Gold:   538        SH:  8    Dex: 11    Spells: 8/8 levels left

rFire    . . .     SeeInvis .   w - +8 long sword of the Everdark {distort, Str+7}
rCold    . . .     Gourm    .   A - +0 shield
rNeg     + . .     Faith    .   k - +0 plate armour
rPois    .         Spirit   .   g - +0 helmet
rElec    .         Reflect  .   i - +1 cloak
rCorr    .         Harm     .   (no gloves)
MR       .....                  r - +2 centaur barding
Stlth    ..........             o - amulet of magic regeneration
HPRegen  0.22/turn              E - ring of positive energy
MPRegen  0.38/turn              F - +2 ring of protection

@: very quick
A: large, hooves 3, deformed body, speed 2, tough skin 3
a: Depart the Abyss, Bend Space, Banish, Renounce Religion


You were on level 7 of the Dungeon.
You worshipped Lugonu.
Lugonu was most pleased with you.
You were not hungry.

You visited 1 branch of the dungeon, and saw 8 of its levels.
You visited the Abyss 1 time.

You collected 538 gold pieces.

Inventory:

Hand Weapons
 a - a +1 hand axe
 p - a +0 war axe
 s - a +3 hand axe of freezing
 t - a +0 war axe of chopping
 w - the +8 long sword of the Everdark (weapon) {distort, Str+7}
   (You found it on level 4 of the Dungeon)

   It warps and distorts space around it.
   Unwielding it can cause banishment or high damage.
   It affects your strength (+7).
Missiles
 e - 11 javelins (quivered)
Armour
 g - a +0 helmet (worn)
 i - a +1 cloak (worn)
 k - a +0 plate armour (worn)
 r - a +2 centaur barding (worn)
 A - a +0 shield (worn)
Jewellery
 o - an amulet of magic regeneration (around neck)
 E - a ring of positive energy (left hand)
 F - a +2 ring of protection (right hand)
 M - an uncursed ring of magical power {unknown}
 N - an uncursed ring of protection from cold {unknown}
Wands
 b - a wand of flame (12)
 h - a wand of iceblast (10)
 q - a wand of digging (17)
 J - a wand of random effects (37)
 K - a wand of scattershot (4)
 L - a wand of polymorph (22)
Scrolls
 n - 4 scrolls of magic mapping
 x - 2 scrolls of fog
 y - a scroll of teleportation
 z - 4 scrolls of remove curse
 B - a scroll of fear
 C - 2 scrolls of identify
 I - a scroll of amnesia
Potions
 d - 2 potions of heal wounds {unknown}
 j - 2 potions of brilliance {unknown}
 l - a potion of might {unknown}
 m - a potion of invisibility {unknown}
 u - 4 potions of curing {unknown}
 v - a potion of lignification {unknown}
 D - a potion of cancellation {unknown}
 G - a potion of haste {unknown}
 H - a potion of ambrosia {unknown}
Miscellaneous
 f - a box of beasts
Comestibles
 c - 8 rations
 O - 4 chunks of flesh


   Skills:
 + Level 6.2 Fighting
 + Level 4.5 Long Blades
 + Level 4.0 Axes
 + Level 1.6 Throwing
 * Level 4.8 Armour
 + Level 1.2 Dodging
 + Level 1.4 Shields
 * Level 5.6 Invocations
 + Level 0.8 Evocations


You had 8 spell levels left.
You didn't know any spells.
Your spell library contained the following spells:

 Spells                   Type           Power        Failure   Level  Hunger
 Magic Dart               Conj           #...         100%        1    ##.....
 Summon Small Mammal      Summ           #...         100%        1    ##.....
 Blink                    Tloc           N/A          100%        2    ###....
 Call Imp                 Summ           #.......     100%        2    ###....
 Passwall                 Tmut/Erth      #.......     100%        2    ###....
 Slow                     Hex            #.......     100%        2    ###....
 Call Canine Familiar     Summ           #.......     100%        3    ####...
 Conjure Flame            Conj/Fire      #.......     100%        3    ####...
 Mephitic Cloud           Conj/Pois/Air  #.......     100%        3    ####...
 Spectral Weapon          Hex/Chrm       #.......     100%        3    ####...
 Summon Guardian Golem    Hex/Summ       #.......     100%        3    ####...
 Summon Ice Beast         Ice/Summ       #.......     100%        4    #####..
 Summon Lightning Spire   Summ/Air       #.......     100%        4    #####..
 Darkness                 Hex            #.........   100%        6    #######


Dungeon Overview and Level Annotations

Branches:
Dungeon (8/15)             Temple (0/1) D:7
   Lair: D:8-11

Altars:
Ru

Annotations:
D:4 LiquoriceLizzard's ghost, novice GrFi


Innate Abilities, Weirdness & Mutations

You have hooves in place of feet.
Armour fits poorly on your strangely shaped body.
You cover ground very quickly.
You have extremely tough skin. (AC +3)


Message History

Press: ? - help, Shift-Dir - straight line, f/p - two-headed ogre
Aim: a two-headed ogre, wielding two giant spiked clubs (heavily wounded)
You throw a javelin. The javelin hits the two-headed ogre!
The two-headed ogre is severely wounded.
Throwing (i - inventory)
e - 12 javelins (quivered)
Press: ? - help, Shift-Dir - straight line, f/p - two-headed ogre
Aim: a two-headed ogre, wielding two giant spiked clubs (severely wounded)
You throw a javelin. The javelin hits the two-headed ogre.
The two-headed ogre is severely wounded.
You block the two-headed ogre's attack.
The two-headed ogre hits you with a giant spiked club!
* * * LOW HITPOINT WARNING * * *
Your shield and plate armour prevent you from hitting the two-headed ogre.
You kick the two-headed ogre, but do no damage.
The two-headed ogre is severely wounded.
You block the howler monkey's attack.
The two-headed ogre hits you with a giant spiked club!
* * * LOW HITPOINT WARNING * * *
The two-headed ogre hits you with a giant spiked club!
You die...

#.# ###.....
#####.#######
#[.....#
#...........#
#.####.#
###+####.####.#
#.# #..
#.........# #.#
#.# #..
#...)...(.#
#.###.# #..
#......(..#
#.....# #..
#.....hO..#
####### #..
#......@..# #..
#.........# #..
########### #..
#########.#
#..........
#..........
#..........
#..........
#..........


You could see a two-headed ogre and a howler monkey.

Vanquished Creatures
  A blink frog (shapeshifter) (Abyss:2)
  A hippogriff (D:8)
  A phantom (D:4)
  5 ogres
  A big kobold (D:4)
  2 bullfrogs
  3 scorpions
  3 howler monkeys
  2 crimson imps
  3 hounds
  An orc priest (D:7)
  A jelly (D:6)
  A bullfrog skeleton (D:6)
  2 centaur skeletons
  2 orc wizards (D:8)
  An iron imp (Abyss:2)
  Terence (D:3)
  Ijyb (D:4)
  4 worker ants
  A worker ant zombie (D:5)
  8 gnolls
  4 adders
  2 worms
  2 dart slugs (D:1)
  3 leopard geckos
  7 orcs
  9 bats
  3 giant cockroaches
  16 goblins
  10 hobgoblins
  4 jackals (D:1)
  3 quokkas
  5 frilled lizards
  A jackal zombie (D:8)
  15 kobolds
  2 rats
131 creatures vanquished.

Vanquished Creatures (others)
  A centaur (D:5)
  A big kobold (D:4)
  An orc priest (D:8)
  An orc wizard (D:8)
4 creatures vanquished.

Grand Total: 135 creatures vanquished

Notes
Turn   | Place    | Note
-------+----------+-------------------------------------------
     0 | Abyss:1  | Gargoyl the Centaur Abyssal Knight began the quest for the
                  | Orb.
     0 | Abyss:1  | Reached XP level 1. HP: 19/19 MP: 2/2
    48 | Abyss:1  | Noticed a sixfirhy
    59 | Abyss:2  | Noticed an iron imp
    76 | Abyss:2  | Found a corrupted altar of Lugonu.
   119 | Abyss:2  | Identified Sif Muna's Volume of Fetching Shape Shifting
   142 | Abyss:2  | Noticed an iron imp
   150 | Abyss:2  | Killed an iron imp
   150 | Abyss:2  | Reached XP level 2. HP: 27/27 MP: 3/3
   159 | Abyss:2  | Noticed a blink frog
   159 | Abyss:2  | a shapeshifter changed into a blink frog
   162 | Abyss:2  | Killed a blink frog
   162 | Abyss:2  | Reached skill level 5 in Fighting
   163 | Abyss:2  | Reached XP level 3. HP: 36/36 MP: 3/5
   163 | Abyss:2  | Reached XP level 4. HP: 42/42 MP: 3/6
   163 | Abyss:2  | Reached XP level 5. HP: 48/48 MP: 3/7
   194 | Abyss:2  | Noticed a raiju
   204 | D:1      | Escaped the Abyss
   433 | D:1      | Reached * piety under Lugonu
   976 | D:1      | Reached XP level 6. HP: 53/56 MP: 8/8
  1328 | D:2      | Reached skill level 1 in Dodging
  1624 | D:3      | Noticed Terence
  1638 | D:3      | Killed Terence
  1775 | D:3      | Reached ** piety under Lugonu
  1869 | D:3      | Found a faded altar of an unknown god.
  1887 | D:3      | Found a sacrificial altar of Ru.
  2459 | D:4      | Got an ichor-stained long sword
  2460 | D:4      | Identified the +8 long sword of the Everdark {distort,
                  | Str+7} (You found it on level 4 of the Dungeon)
  2503 | D:4      | Found a runed gate.
  2503 | D:4      | Found a runed gate.
  2503 | D:4      | Found a runed gate.
  2503 | D:4      | Noticed LiquoriceLizzard's ghost (novice GrFi)
  2534 | D:4      | Reached XP level 7. HP: 50/61 MP: 9/9
  2766 | D:4      | Noticed Ijyb
  2777 | D:4      | Killed Ijyb
  2945 | D:4      | Reached skill level 1 in Long Blades
  3292 | D:5      | Entered Level 5 of the Dungeon
  3411 | D:5      | Reached XP level 8. HP: 70/70 MP: 11/11
  3946 | D:5      | Reached *** piety under Lugonu
  4567 | D:6      | Reached skill level 6 in Fighting
  4594 | D:6      | Reached skill level 5 in Invocations
  4725 | D:7      | Reached skill level 1 in Shields
  5060 | D:7      | Reached skill level 1 in Throwing
  5129 | D:7      | Found a staircase to the Ecumenical Temple.
  5446 | D:8      | Noticed a hippogriff
  5453 | D:8      | Reached XP level 9. HP: 60/75 MP: 13/13
  5674 | D:8      | Noticed a two-headed ogre
  5703 | D:7      | Slain by a two-headed ogre

Skill      XL: |  1  2  3  4  5  6  7  8 |
---------------+-------------------------+-----
Axes           | 2 3 4 |  4.0
Fighting       | 5 6 |  6.2
Armour         | 2 3 4 |  4.8
Invocations    | 3 4 5 |  5.6
Dodging        | 1 |  1.2
Long Blades    | 1 4 |  4.5
Shields        | 1 |  1.4
Throwing       | 1 |  1.6
Evocations     | |  0.8

Action                   |  1- 3 |  4- 6 |  7- 9 || total
-------------------------+-------+-------+-------++-------
Melee: Hand axe          |       |   173 |     9 ||   182
       Kick              |       |    32 |    51 ||    83
       Long sword        |       |     4 |   169 ||   173
Throw: Javelin           |       |     3 |    26 ||    29
Invok: Depart the Abyss  |       |     1 |       ||     1
Evoke: Wand              |     7 |       |       ||     7
       Box of beasts     |       |     1 |       ||     1
  Use: Scroll            |     3 |     7 |     5 ||    15
  Eat: Chunk             |       |     3 |     5 ||     8
       Ration            |       |       |     1 ||     1
Armor: Leather armour    |       |    49 |       ||    49
       Plate armour      |       |    70 |   147 ||   217
Dodge: Dodged            |       |    81 |     4 ||    85
Block: Shield            |       |       |    71 ||    71
       Rpst.: Long sword |       |       |     3 ||     3
